 Dungeon Crawl Stone Soup version 0.29.0-11-gd7f09526c8 (webtiles) character file.

Game seed: 10413619075777383651

57 Arum the Digger (level 4, 0/30 HPs)
             Began as a Formicid Earth Elementalist on Sept 2, 2022.
             Slain by an ice beast (6 damage)
             ... on level 3 of the Dungeon.
             The game lasted 00:03:01 (1565 turns).

Arum the Digger (Formicid Earth Elementalist)       Turns: 1565, Time: 00:03:02

Health: 0/30       AC:  2    Str: 12    XL:     4   Next: 18%
Magic:  4/9        EV: 11    Int: 17    God:
Gold:   45         SH:  3    Dex: 14    Spells: 5/9 levels left

rFire   . . .      SeeInvis +   e - +0 whip (flame)
rCold   . . .      Faith    .   i - +0 buckler
rNeg    . . .      Spirit   .   a - +0 robe
rPois   .          Reflect  .   (helmet unavailable)
rElec   .          Harm     .   (no cloak)
rCorr   .          Rampage  .   (no gloves)
Will    .....                   (no boots)
Stlth   ++........              (no amulet)
HPRegen 0.10/turn               (no ring)
MPRegen 0.11/turn               (no ring)

@: no status effects
A: permanent stasis, dig shafts and tunnels, antennae 3, four strong arms
a: Dig, Shaft Self


You were on level 3 of the Dungeon.
You visited 1 branch of the dungeon, and saw 3 of its levels.

You collected 45 gold pieces.

Inventory:

Hand Weapons
 e - a +0 whip of flaming (weapon)
Armour
 a - a +0 robe (worn)
 i - a +0 buckler (worn)
Magical Staves
 h - a staff of cold
Jewellery
 k - a ring of magical power
Scrolls
 c - a scroll of immolation {unknown}
 f - 2 scrolls of identify {unknown}
 j - a scroll of teleportation {unknown}
 l - a scroll of magic mapping {unknown}
 n - a scroll of fear {unknown}
Potions
 b - a potion of magic
 d - a potion of brilliance {unknown}
 g - a potion of berserk rage {unknown}
 m - 2 potions of curing {unknown}


   Skills:
 - Level 1.7 Dodging
 - Level 2.4 Stealth
 + Level 3.3 Spellcasting
 - Level 1.1 Transmutations
 + Level 4.8 Earth Magic


You had 5 spell levels left.
You knew the following spells:

 Your Spells              Type           Power      Damage    Failure   Level
a - Sandblast             Erth           38%        2d10      3%          1
b - Stone Arrow           Conj/Erth      22%        3d8       24%         3

Your spell library contained the following spells:

 Spells                   Type           Power      Damage    Failure   Level
 Passwall                 Tmut/Erth      10%        N/A       10%         2
 Shock                    Conj/Air       8%         1d3       22%         1
 Petrify                  Tmut/Erth      12%        N/A       54%         4
 Airstrike                Air            1%         2d(1-17)  91%         4
 Swiftness                Air            Unusable   N/A       N/A         3

Dungeon Overview and Level Annotations

Branches:
Dungeon (3/15)

Altars:

Annotations:
D:3 Grinder, Terence


Innate Abilities, Weirdness & Mutations

You cannot be hasted, slowed, berserked, paralysed or teleported.
You can dig through walls and to a lower floor.
You have a pair of large antennae on your head. (SInv)
Your four strong arms can wield two-handed weapons with a shield.


Message History

Okay, then.
You miscast Sandblast.
You are very lightly contaminated with residual magic.
Nothing appears to happen.
The blast of sand hits the ice beast but does no damage.
A ball python comes into view.
The blast of sand hits the ice beast.
The ice beast is lightly wounded.
The ball python hisses angrily.
The ice beast misses you.
The blast of sand hits the ice beast but does no damage.
The ice beast is lightly wounded.
The ice beast barely misses you. The ice beast hits you.
The ice beast freezes you.
You closely miss the ice beast.
The ice beast is lightly wounded.
The ice beast hits you. The ice beast freezes you!
* * * LOW HITPOINT WARNING * * *
Your magical contamination has completely faded away.
The ice beast attacks as you move away! The ice beast barely misses you.
You are too injured to fight recklessly!
Casting: Sandblast (safe; 3% risk of failure)
Confirm with . or Enter, or press ? or * to list all spells.
Aiming: Sandblast (safe; 3% risk of failure)
Press: ? - help, Shift-Dir - straight line, f/p - ice beast
Aim: an ice beast (lightly wounded, 82% to hit)
The blast of sand misses the ice beast.
The blast of sand hits the ball python!
You kill the ball python!
The ice beast barely misses you.
Casting: Sandblast (safe; 3% risk of failure)
Confirm with . or Enter, or press ? or * to list all spells.
Aiming: Sandblast (safe; 3% risk of failure)
Press: ? - help, Shift-Dir - straight line, f/p - ice beast
Aim: an ice beast (lightly wounded, 82% to hit)
The blast of sand hits the ice beast but does no damage.
The ice beast is lightly wounded.
The ice beast hits you.
* * * LOW HITPOINT WARNING * * *
The ice beast freezes you.
You die...

~⌠.~... #.#
⌠~..~.. #.#
.~..~.. #.#
..~~... #.#
....... #.#
....... #.#
.......###.#
........##.#
.......†Y@.#
#.########.#
#..# #.##
#.#
#######.##
.......<.#
...####..#
#..#


You could see an ice beast.

Vanquished Creatures
  2 gnolls (D:1)
  6 ball pythons
  3 endoplasms
  2 goblins
  6 hobgoblins
  A quokka (D:2)
  3 bats
  5 frilled lizards
  7 kobolds
35 creatures vanquished.

Vanquished Creatures (others)
  5 plants (D:1)
5 creatures vanquished.

Grand Total: 40 creatures vanquished

Notes
Turn   | Place    | Note
-------+----------+-------------------------------------------
     0 | D:1      | Arum the Formicid Earth Elementalist began the quest for
                  | the Orb.
     0 | D:1      | Reached XP level 1. HP: 13/13 MP: 3/3
   284 | D:1      | Reached skill level 4 in Earth Magic
   284 | D:1      | Reached XP level 2. HP: 12/19 MP: 2/5
   471 | D:1      | Reached XP level 3. HP: 24/24 MP: 4/7
   550 | D:1      | Found a faded altar of an unknown god.
   555 | D:1      | Learned a level 3 spell: Stone Arrow
  1177 | D:2      | Reached XP level 4. HP: 30/30 MP: 5/8
  1512 | D:3      | Noticed Grinder
  1512 | D:3      | Noticed Terence
  1555 | D:3      | Noticed an ice beast
  1565 | D:3      | Slain by an ice beast

Illustrated notes

Levels and vault maps discovered:
D:1:      psy_arrival_fountain, layout_basic,
          dreamdust_ecumenical_altar_statues, nicolae_grassy_gnolls
D:2:      layout_rooms
D:3:      cheibrodos_helix_gallery, layout_loops_ring,
          mainiacjoe_overflow_six_doors_small, amcnicky_altar_gilded,
          mainiacjoe_overflow_24_doors, st_stairs_7, uniq_grinder, uniq_sigmund,
          uniq_ijyb, uniq_terence

Skill      XL: |  1  2  3 |
---------------+----------+-----
Earth Magic    | 4 |  4.8
Spellcasting   | 3 |  3.3
Dodging        | |  1.7
Stealth        | |  2.4
Transmutations | |  1.1

Action                   |  1- 3 |  4- 6 || total
-------------------------+-------+-------++-------
Melee: Whip              |       |     1 ||     1
 Cast: Sandblast         |    40 |    12 ||    52
Armor: Robe              |     5 |       ||     5
Dodge: Dodged            |    30 |     7 ||    37
